[ AOE2 MATCH · #478881158 ]
UnrankedBengalis vs Cumans
[ REPLAY ANALYSIS · EXTRACTED FROM THE RECORDED GAME ]
Feudal
13:47
Castle
18:18
Imperial
34:59
| APM avg | 26.8 |
| APM peak | 46 |
| eAPM avg | 19.1 |
| Villagers / military | 103 / 45 |
Focus
⚔️ 34.8% · 🌾 65.2%
Ratha (Ranged) ×42 · Trebuchet (Packed) ×3
Feudal
15:17
Castle
23:24
Imperial
—
| APM avg | 27.9 |
| APM peak | 98 |
| eAPM avg | 15.4 |
| Villagers / military | 82 / 81 |
Focus
⚔️ 38.1% · 🌾 61.9%
Camel Scout ×33 · Spearman ×20 · Kipchak ×11 · Battering Ram ×5 · Scout Cavalry ×4 · Militia ×2
Feudal
—
Castle
—
Imperial
—
| APM avg | 29.8 |
| APM peak | 71 |
| eAPM avg | 20.5 |
| Villagers / military | 133 / 33 |
Focus
⚔️ 18.8% · 🌾 81.2%
War Elephant ×23 · Knight ×10
Feudal
12:56
Castle
22:21
Imperial
34:08
| APM avg | 29.4 |
| APM peak | 60 |
| eAPM avg | 15.8 |
| Villagers / military | 59 / 29 |
Focus
⚔️ 31.5% · 🌾 68.5%
Battle Elephant ×7 · Trebuchet (Packed) ×7 · Ballista Elephant ×6 · Monk ×4 · Militia ×3 · Scout Cavalry ×2
Match map
Initial resources + every placement click. Lines = walls · curves = elevation contours. ◆ gold · ⬟ stone · ● berries · ✦ relic · ◌ wall gap
Your base· Open — unwalled flank
3GODI3's base· Open — unwalled flank
Soldado1rken's base· Open — 14t gap
Raba's base· Open — 9t gap
Smoothed initial terrain · ◌ = detected wall gap · hover for details
Inputs per minute
— cortezperez200 - - 3GODI3
Build order — cortezperez200
First 150 of 277 actions detected
| 1:08 | Build | Town Center |
| 2:42 | Build | House |
| 2:48 | Create | Villager (Male) |
| 2:48 | Create | Villager (Male) |
| 2:49 | Create | Villager (Male) |
| 2:50 | Create | Villager (Male) |
| 3:14 | Build | House |
| 3:59 | Create | Villager (Male) |
| 3:59 | Create | Villager (Male) |
| 4:35 | Create | Villager (Male) |
| 4:35 | Create | Villager (Male) |
| 4:40 | Build | House |
| 4:56 | Build | House |
| 4:59 | Build | House |
| 5:17 | Research | Loom |
| 5:18 | Research | Loom |
| 5:27 | Create | Villager (Male) |
| 5:28 | Create | Villager (Male) |
| 5:28 | Create | Villager (Male) |
| 5:29 | Create | Villager (Male) |
| 6:40 | Build | House |
| 6:50 | Create | Villager (Male) |
| 6:50 | Create | Villager (Male) |
| 6:51 | Create | Villager (Male) |
| 6:51 | Create | Villager (Male) |
| 6:55 | Build | House |
| 7:09 | Build | House |
| 7:24 | Create | Villager (Male) |
| 7:25 | Create | Villager (Male) |
| 7:27 | Build | House |
| 7:58 | Create | Villager (Male) |
| 7:58 | Create | Villager (Male) |
| 8:49 | Build | Mill |
| 9:02 | Create | Villager (Male) |
| 9:44 | Create | Villager (Male) |
| 9:46 | Create | Villager (Male) |
| 10:09 | Build | House |
| 10:47 | Create | Villager (Male) |
| 10:57 | Build | Mining Camp |
| 11:04 | Create | Villager (Male) |
| 11:10 | Create | Villager (Male) |
| 11:31 | Research | Feudal Age |
| 13:47 | Age | Feudal Age |
| 13:57 | Create | Villager (Male) |
| 13:58 | Create | Villager (Male) |
| 14:11 | Create | Villager (Male) |
| 14:21 | Build | Blacksmith |
| 14:22 | Build | Palisade Wall |
| 14:26 | Build | Market |
| 14:33 | Build | Mining Camp |
| 14:36 | Create | Villager (Male) |
| 14:51 | Build | House |
| 15:38 | Research | Castle Age |
| 15:49 | Build | Palisade Wall |
| 15:51 | Build | Palisade Wall |
| 15:53 | Build | Palisade Wall |
| 15:59 | Build | Palisade Wall |
| 16:01 | Build | Palisade Wall |
| 16:03 | Build | Palisade Wall |
| 16:05 | Build | Palisade Wall |
| 16:46 | Create | Villager (Male) |
| 16:46 | Create | Villager (Male) |
| 17:55 | Research | Horse Collar |
| 18:18 | Age | Castle Age |
| 18:20 | Build | Town Center |
| 18:27 | Build | Farm |
| 18:52 | Build | Farm |
| 18:53 | Build | Farm |
| 18:57 | Build | Farm |
| 19:10 | Research | Wheelbarrow |
| 19:12 | Build | Farm |
| 19:32 | Create | Villager (Male) |
| 19:32 | Create | Villager (Male) |
| 19:38 | Create | Villager (Male) |
| 19:39 | Create | Villager (Male) |
| 19:44 | Build | Farm |
| 19:45 | Build | Farm |
| 19:46 | Build | Farm |
| 19:53 | Create | Villager (Male) |
| 20:31 | Build | Castle |
| 20:41 | Create | Villager (Male) |
| 20:42 | Create | Villager (Male) |
| 21:02 | Build | Palisade Gate |
| 21:14 | Build | Gate |
| 21:28 | Create | Villager (Male) |
| 21:31 | Create | Villager (Male) |
| 21:31 | Create | Villager (Male) |
| 21:34 | Build | House |
| 21:35 | Build | House |
| 21:35 | Build | House |
| 21:35 | Build | House |
| 21:40 | Build | Farm |
| 21:41 | Build | Farm |
| 21:43 | Build | Farm |
| 21:44 | Build | Farm |
| 21:45 | Build | Farm |
| 22:13 | Build | Farm |
| 22:16 | Build | Farm |
| 22:19 | Create | Villager (Male) |
| 22:19 | Create | Villager (Male) |
| 22:29 | Build | Farm |
| 22:52 | Create | Ratha (Ranged) |
| 22:52 | Create | Ratha (Ranged) |
| 23:01 | Research | Padded Archer Armor |
| 23:08 | Create | Villager (Male) |
| 23:10 | Create | Villager (Male) |
| 23:14 | Build | Farm |
| 23:17 | Build | Farm |
| 23:24 | Create | Villager (Male) |
| 23:24 | Create | Villager (Male) |
| 23:31 | Create | Villager (Male) |
| 23:31 | Create | Villager (Male) |
| 23:39 | Build | Farm |
| 23:58 | Create | Villager (Male) |
| 24:00 | Create | Ratha (Ranged) |
| 24:00 | Create | Ratha (Ranged) |
| 24:22 | Create | Ratha (Ranged) |
| 24:22 | Create | Ratha (Ranged) |
| 24:37 | Build | Farm |
| 24:38 | Create | Villager (Male) |
| 24:39 | Create | Villager (Male) |
| 24:42 | Create | Villager (Male) |
| 24:42 | Create | Villager (Male) |
| 24:43 | Create | Villager (Male) |
| 24:43 | Create | Villager (Male) |
| 24:49 | Build | Lumber Camp |
| 25:01 | Create | Villager (Male) |
| 25:01 | Create | Villager (Male) |
| 25:05 | Create | Villager (Male) |
| 25:06 | Create | Villager (Male) |
| 25:22 | Create | Ratha (Ranged) |
| 25:22 | Create | Ratha (Ranged) |
| 25:51 | Research | Double-Bit Axe |
| 25:55 | Research | Heavy Plow |
| 26:08 | Create | Ratha (Ranged) |
| 26:09 | Create | Ratha (Ranged) |
| 26:09 | Create | Ratha (Ranged) |
| 26:09 | Create | Ratha (Ranged) |
| 26:25 | Create | Villager (Male) |
| 26:25 | Create | Villager (Male) |
| 26:25 | Create | Villager (Male) |
| 26:25 | Create | Villager (Male) |
| 26:26 | Create | Villager (Male) |
| 26:26 | Create | Villager (Male) |
| 26:31 | Build | Farm |
| 26:32 | Build | Farm |
| 26:34 | Build | Farm |
| 26:44 | Build | Farm |
| 26:50 | Create | Villager (Male) |
| 26:50 | Create | Villager (Male) |
Build order — 3GODI3
First 150 of 214 actions detected
| 1:11 | Build | Town Center |
| 2:06 | Build | House |
| 2:08 | Build | House |
| 3:12 | Create | Villager (Male) |
| 3:12 | Create | Villager (Male) |
| 3:12 | Create | Villager (Male) |
| 3:12 | Create | Villager (Male) |
| 3:13 | Create | Villager (Male) |
| 5:03 | Create | Villager (Male) |
| 5:24 | Research | Loom |
| 5:48 | Create | Villager (Male) |
| 5:49 | Create | Villager (Male) |
| 5:55 | Build | Mill |
| 6:55 | Create | Villager (Male) |
| 6:55 | Create | Villager (Male) |
| 7:21 | Create | Villager (Male) |
| 7:21 | Create | Villager (Male) |
| 7:51 | Create | Villager (Male) |
| 7:51 | Create | Villager (Male) |
| 8:04 | Create | Villager (Male) |
| 8:04 | Create | Villager (Male) |
| 8:13 | Create | Villager (Male) |
| 8:13 | Create | Villager (Male) |
| 8:14 | Create | Villager (Male) |
| 8:25 | Build | House |
| 8:56 | Create | Villager (Male) |
| 8:56 | Create | Villager (Male) |
| 9:25 | Create | Villager (Male) |
| 9:37 | Build | Mill |
| 9:48 | Create | Villager (Male) |
| 9:48 | Create | Villager (Male) |
| 9:48 | Create | Villager (Male) |
| 11:07 | Build | Lumber Camp |
| 11:10 | Create | Villager (Male) |
| 11:32 | Build | House |
| 11:54 | Create | Villager (Male) |
| 12:08 | Build | House |
| 12:55 | Build | Mill |
| 13:07 | Research | Feudal Age |
| 14:15 | Build | Barracks |
| 14:23 | Build | House |
| 14:26 | Build | House |
| 14:29 | Create | Villager (Male) |
| 14:38 | Create | Villager (Male) |
| 15:17 | Age | Feudal Age |
| 15:47 | Build | Stable |
| 15:49 | Build | House |
| 15:54 | Create | Villager (Male) |
| 16:06 | Create | Militia |
| 16:07 | Create | Militia |
| 16:09 | Create | Villager (Male) |
| 16:09 | Create | Villager (Male) |
| 16:15 | Research | Double-Bit Axe |
| 17:11 | Create | Villager (Male) |
| 17:36 | Build | Town Center |
| 17:45 | Build | House |
| 18:02 | Create | Villager (Male) |
| 18:18 | Build | Mining Camp |
| 18:26 | Build | Blacksmith |
| 18:37 | Create | Scout Cavalry |
| 18:55 | Create | Villager (Male) |
| 19:03 | Research | Gold Mining |
| 19:07 | Create | Villager (Male) |
| 19:31 | Build | House |
| 19:33 | Build | House |
| 19:40 | Build | Palisade Gate |
| 19:54 | Create | Villager (Male) |
| 20:07 | Create | Villager (Male) |
| 20:08 | Create | Villager (Male) |
| 20:25 | Research | Castle Age |
| 20:28 | Create | Villager (Male) |
| 21:05 | Create | Villager (Male) |
| 21:05 | Create | Villager (Male) |
| 21:28 | Build | Siege Workshop |
| 21:38 | Create | Scout Cavalry |
| 21:38 | Create | Scout Cavalry |
| 21:56 | Build | House |
| 21:59 | Build | Palisade Wall |
| 22:02 | Build | Palisade Wall |
| 22:05 | Build | Palisade Wall |
| 22:07 | Build | Palisade Wall |
| 22:20 | Build | Farm |
| 22:20 | Build | Farm |
| 22:20 | Build | Farm |
| 22:21 | Build | Farm |
| 22:21 | Build | Farm |
| 22:21 | Build | Farm |
| 22:22 | Build | Farm |
| 22:59 | Build | Mining Camp |
| 23:04 | Create | Scout Cavalry |
| 23:05 | Create | Spearman |
| 23:21 | Build | Outpost |
| 23:24 | Age | Castle Age |
| 23:28 | Build | Outpost |
| 23:30 | Create | Villager (Male) |
| 23:30 | Create | Villager (Male) |
| 23:39 | Create | Villager (Male) |
| 23:39 | Create | Villager (Male) |
| 23:56 | Create | Battering Ram |
| 23:59 | Create | Villager (Male) |
| 24:00 | Create | Villager (Male) |
| 24:03 | Create | Spearman |
| 24:04 | Create | Spearman |
| 24:04 | Create | Spearman |
| 24:16 | Build | Outpost |
| 24:24 | Build | Outpost |
| 24:27 | Research | Town Watch |
| 24:54 | Create | Villager (Male) |
| 24:55 | Create | Villager (Male) |
| 25:11 | Build | Barracks |
| 25:16 | Create | Battering Ram |
| 25:34 | Research | Pikeman (upgrade) |
| 25:35 | Create | Spearman |
| 25:47 | Create | Villager (Male) |
| 25:47 | Create | Villager (Male) |
| 25:56 | Build | Outpost |
| 25:58 | Build | Outpost |
| 26:07 | Create | Villager (Male) |
| 26:07 | Create | Villager (Male) |
| 26:31 | Build | Town Center |
| 26:54 | Create | Battering Ram |
| 26:57 | Create | Spearman |
| 26:57 | Create | Spearman |
| 27:01 | Create | Spearman ×3 |
| 27:15 | Create | Villager (Male) |
| 27:15 | Create | Villager (Male) |
| 27:48 | Create | Villager (Male) |
| 27:49 | Create | Villager (Male) |
| 27:49 | Create | Villager (Male) |
| 28:20 | Build | Farm |
| 28:20 | Build | Farm |
| 28:20 | Build | Farm |
| 28:20 | Build | Farm |
| 28:21 | Build | Farm |
| 28:21 | Build | Farm |
| 28:21 | Build | Farm |
| 28:21 | Build | Farm |
| 28:21 | Build | Farm |
| 28:22 | Build | Farm |
| 28:22 | Build | Farm |
| 29:36 | Research | Capped Ram (upgrade) |
| 30:31 | Create | Battering Ram |
| 30:52 | Create | Villager (Male) |
| 30:53 | Create | Villager (Male) |
| 30:53 | Create | Villager (Male) |
| 30:56 | Create | Villager (Male) |
| 30:56 | Create | Villager (Male) |
| 30:56 | Create | Villager (Male) |
| 30:56 | Create | Villager (Male) |
| 30:57 | Create | Villager (Male) |
Build order — Soldado1rken
First 150 of 298 actions detected
| 0:53 | Build | Town Center |
| 1:45 | Build | House |
| 1:46 | Build | House |
| 1:48 | Build | House |
| 2:53 | Create | Villager (Male) |
| 2:53 | Create | Villager (Male) |
| 2:53 | Create | Villager (Male) |
| 2:54 | Create | Villager (Male) |
| 2:54 | Create | Villager (Male) |
| 4:11 | Build | House |
| 4:57 | Create | Villager (Male) |
| 4:57 | Create | Villager (Male) |
| 5:08 | Build | Mill |
| 5:20 | Create | Villager (Male) |
| 5:20 | Create | Villager (Male) |
| 6:04 | Create | Villager (Male) |
| 6:05 | Create | Villager (Male) |
| 6:05 | Create | Villager (Male) |
| 6:15 | Create | Villager (Male) |
| 7:24 | Build | House |
| 7:35 | Create | Villager (Male) |
| 7:42 | Build | House |
| 7:58 | Build | Lumber Camp |
| 8:02 | Build | House |
| 8:18 | Create | Villager (Male) |
| 8:18 | Create | Villager (Male) |
| 8:18 | Create | Villager (Male) |
| 8:19 | Create | Villager (Male) |
| 8:46 | Create | Villager (Male) |
| 8:53 | Build | House |
| 9:09 | Create | Villager (Male) |
| 9:11 | Build | House |
| 9:41 | Create | Villager (Male) |
| 10:16 | Create | Villager (Male) |
| 10:29 | Create | Villager (Male) |
| 11:00 | Create | Villager (Male) |
| 11:09 | Build | House |
| 11:19 | Build | Palisade Wall |
| 11:24 | Build | House |
| 11:47 | Research | Feudal Age |
| 12:42 | Create | Villager (Male) |
| 12:42 | Create | Villager (Male) |
| 13:07 | Research | Loom |
| 13:14 | Build | House |
| 13:24 | Build | Mining Camp |
| 13:58 | Build | Market |
| 14:16 | Research | Double-Bit Axe |
| 14:47 | Build | Lumber Camp |
| 14:49 | Create | Villager (Male) |
| 14:49 | Create | Villager (Male) |
| 15:11 | Create | Villager (Male) |
| 15:36 | Create | Villager (Male) |
| 16:11 | Build | Blacksmith |
| 16:13 | Build | House |
| 16:19 | Research | Town Watch |
| 16:47 | Research | Castle Age |
| 16:58 | Build | House |
| 16:59 | Build | House |
| 17:01 | Build | House |
| 17:02 | Build | House |
| 17:02 | Build | House |
| 17:03 | Build | House |
| 17:04 | Build | House |
| 17:06 | Build | House |
| 17:29 | Research | Horse Collar |
| 18:45 | Build | Mining Camp |
| 19:08 | Create | Villager (Male) |
| 19:13 | Build | Farm |
| 19:14 | Build | Farm |
| 19:15 | Build | Farm |
| 19:28 | Build | Town Center |
| 19:41 | Create | Villager (Male) |
| 19:43 | Build | Farm |
| 19:46 | Build | Farm |
| 19:51 | Build | Farm |
| 19:53 | Build | Farm |
| 19:57 | Create | Villager (Male) |
| 20:24 | Create | Villager (Male) |
| 20:41 | Create | Villager (Male) |
| 20:41 | Create | Villager (Male) |
| 20:48 | Create | Villager (Male) |
| 20:52 | Build | Farm |
| 21:14 | Create | Villager (Male) |
| 21:16 | Create | Villager (Male) |
| 21:16 | Create | Villager (Male) |
| 21:17 | Create | Villager (Male) |
| 21:29 | Build | Town Center |
| 21:40 | Build | Farm |
| 21:42 | Build | Farm |
| 21:42 | Build | Farm |
| 21:43 | Build | Farm |
| 21:48 | Build | Farm |
| 21:49 | Build | Farm |
| 22:08 | Build | Farm |
| 22:09 | Build | Farm |
| 22:10 | Build | Farm |
| 22:14 | Build | Farm |
| 22:29 | Create | Villager (Male) |
| 22:34 | Create | Villager (Male) |
| 22:35 | Create | Villager (Male) |
| 22:39 | Build | Farm |
| 22:40 | Build | Farm |
| 22:48 | Build | Farm |
| 23:04 | Create | Villager (Male) |
| 23:04 | Create | Villager (Male) |
| 23:10 | Create | Villager (Male) |
| 23:10 | Create | Villager (Male) |
| 23:20 | Create | Villager (Male) |
| 23:20 | Create | Villager (Male) |
| 23:20 | Create | Villager (Male) |
| 23:28 | Create | Villager (Male) |
| 23:28 | Create | Villager (Male) |
| 23:49 | Create | Villager (Male) |
| 23:50 | Create | Villager (Male) |
| 23:50 | Create | Villager (Male) |
| 24:06 | Build | Barracks |
| 24:11 | Create | Villager (Male) |
| 24:12 | Create | Villager (Male) |
| 24:12 | Create | Villager (Male) |
| 24:38 | Create | Villager (Male) |
| 24:39 | Create | Villager (Male) |
| 24:39 | Create | Villager (Male) |
| 24:43 | Build | Stable |
| 24:51 | Create | Villager (Male) |
| 24:51 | Create | Villager (Male) |
| 24:55 | Build | Town Center |
| 25:07 | Build | Farm |
| 25:08 | Build | Farm |
| 25:09 | Build | Farm |
| 25:26 | Build | Farm |
| 25:34 | Create | Villager (Male) |
| 25:34 | Create | Villager (Male) |
| 25:35 | Create | Villager (Male) |
| 25:37 | Research | Gold Mining |
| 25:39 | Create | Villager (Male) |
| 25:39 | Create | Villager (Male) |
| 25:40 | Create | Villager (Male) |
| 25:43 | Build | Farm |
| 25:58 | Create | Villager (Male) |
| 26:00 | Create | Villager (Male) |
| 26:12 | Create | Villager (Male) |
| 26:13 | Create | Villager (Male) |
| 26:31 | Build | Farm |
| 26:33 | Create | Villager (Male) |
| 26:34 | Create | Villager (Male) |
| 26:37 | Create | Knight |
| 26:37 | Create | Knight |
| 26:41 | Build | Stable |
| 26:47 | Create | Villager (Male) |
| 26:52 | Create | Villager (Male) |
Build order — Raba
First 150 of 190 actions detected
| 1:03 | Build | Town Center |
| 1:17 | Build | House |
| 3:05 | Research | Loom |
| 3:05 | Research | Loom |
| 3:16 | Create | Villager (Male) |
| 3:17 | Create | Villager (Male) |
| 3:17 | Create | Villager (Male) |
| 3:17 | Create | Villager (Male) |
| 4:58 | Build | Lumber Camp |
| 5:06 | Create | Villager (Male) |
| 5:06 | Create | Villager (Male) |
| 5:07 | Create | Villager (Male) |
| 5:54 | Build | House |
| 5:56 | Create | Villager (Male) |
| 5:57 | Create | Villager (Male) |
| 5:57 | Create | Villager (Male) |
| 5:57 | Create | Villager (Male) |
| 6:01 | Build | House |
| 6:49 | Create | Villager (Male) |
| 6:50 | Create | Villager (Male) |
| 7:37 | Create | Villager (Male) |
| 7:38 | Create | Villager (Male) |
| 7:38 | Create | Villager (Male) |
| 7:38 | Create | Villager (Male) |
| 7:46 | Build | Mill |
| 8:23 | Create | Villager (Male) |
| 8:46 | Create | Villager (Male) |
| 8:46 | Create | Villager (Male) |
| 9:28 | Build | Mining Camp |
| 9:48 | Create | Villager (Male) |
| 10:20 | Create | Villager (Male) |
| 10:26 | Build | Barracks |
| 10:46 | Research | Feudal Age |
| 10:46 | Research | Feudal Age |
| 10:51 | Build | House |
| 11:28 | Build | Palisade Wall |
| 11:48 | Create | Militia |
| 11:48 | Create | Militia |
| 11:50 | Create | Militia |
| 12:56 | Age | Feudal Age |
| 13:00 | Build | Stable |
| 13:06 | Create | Villager (Male) |
| 13:06 | Create | Villager (Male) |
| 13:06 | Create | Villager (Male) |
| 13:18 | Research | Man-at-Arms (upgrade) |
| 13:44 | Create | Villager (Male) |
| 13:45 | Create | Scout Cavalry |
| 13:45 | Create | Scout Cavalry |
| 14:15 | Build | House |
| 14:15 | Build | House |
| 14:17 | Create | Villager (Male) |
| 14:37 | Build | Blacksmith |
| 14:56 | Build | House |
| 14:57 | Build | House |
| 15:14 | Build | Farm |
| 15:27 | Research | Bloodlines |
| 15:32 | Build | House |
| 15:33 | Build | Palisade Wall |
| 15:41 | Build | Farm |
| 15:50 | Create | Villager (Male) |
| 15:53 | Build | Farm |
| 15:59 | Build | Farm |
| 16:22 | Build | House |
| 16:23 | Build | Palisade Wall |
| 16:25 | Create | Villager (Male) |
| 16:25 | Create | Villager (Male) |
| 16:28 | Build | Farm |
| 17:05 | Build | House |
| 17:08 | Build | Palisade Wall |
| 17:26 | Build | Farm |
| 17:26 | Build | Farm |
| 17:26 | Build | Farm |
| 17:26 | Build | Farm |
| 17:26 | Build | Farm |
| 17:27 | Build | Farm |
| 17:32 | Create | Villager (Male) |
| 17:52 | Create | Villager (Male) |
| 17:56 | Build | Farm |
| 18:00 | Build | Farm |
| 18:10 | Build | Palisade Gate |
| 18:17 | Create | Villager (Male) |
| 18:49 | Build | Mining Camp |
| 18:58 | Build | House |
| 19:00 | Create | Villager (Male) |
| 19:36 | Build | Farm |
| 19:36 | Build | Farm |
| 19:37 | Build | Farm |
| 19:37 | Build | Farm |
| 19:37 | Build | Farm |
| 19:41 | Research | Castle Age |
| 19:41 | Research | Castle Age |
| 19:56 | Build | House |
| 19:57 | Build | Palisade Wall |
| 19:57 | Build | Palisade Wall |
| 20:28 | Build | Outpost |
| 20:30 | Build | Outpost |
| 21:03 | Build | Outpost |
| 21:08 | Research | Double-Bit Axe |
| 21:10 | Research | Horse Collar |
| 21:19 | Research | Gold Mining |
| 22:03 | Build | Palisade Wall |
| 22:03 | Build | Palisade Wall |
| 22:04 | Build | Palisade Wall |
| 22:04 | Build | Palisade Wall |
| 22:05 | Build | Palisade Wall |
| 22:05 | Build | Palisade Wall |
| 22:06 | Build | Palisade Wall |
| 22:07 | Build | Palisade Wall |
| 22:21 | Age | Castle Age |
| 22:43 | Build | Market |
| 22:52 | Build | Monastery |
| 23:03 | Create | Villager (Male) |
| 23:04 | Create | Villager (Male) |
| 23:21 | Build | Farm |
| 23:27 | Build | House |
| 23:55 | Build | Castle |
| 24:16 | Create | Villager (Male) |
| 24:16 | Create | Villager (Male) |
| 24:24 | Build | House |
| 24:47 | Research | Bow Saw |
| 24:53 | Research | Heavy Plow |
| 24:55 | Create | Villager (Male) |
| 25:09 | Build | House |
| 25:11 | Build | House |
| 25:33 | Create | Monk |
| 25:35 | Create | Villager (Male) |
| 25:35 | Create | Villager (Male) |
| 25:45 | Build | Farm |
| 25:56 | Build | Farm |
| 25:56 | Build | Farm |
| 26:06 | Create | Ballista Elephant |
| 26:06 | Create | Ballista Elephant |
| 26:42 | Build | Farm |
| 26:46 | Create | Villager (Male) |
| 26:46 | Create | Villager (Male) |
| 26:47 | Create | Villager (Male) |
| 27:40 | Build | Farm |
| 28:28 | Create | Villager (Male) |
| 28:28 | Create | Villager (Male) |
| 30:07 | Create | Ballista Elephant |
| 30:34 | Build | Palisade Wall |
| 30:38 | Build | Palisade Wall |
| 30:39 | Build | Palisade Gate |
| 30:46 | Build | Palisade Wall |
| 30:58 | Research | Imperial Age |
| 31:16 | Build | Palisade Gate |
| 32:01 | Build | Castle |
| 32:14 | Build | University |
| 32:38 | Research | Tusk Swords |
| 33:21 | Build | Town Center |
Match timeline
| 10:26 | Raba · first_building Barracks |
| 11:19 | Soldado1rken · wall_segment Palisade Wall x1 |
| 11:28 | Raba · wall_segment Palisade Wall x5 |
| 12:56 | Raba · age_up feudal |
| 13:00 | Raba · first_building Stable |
| 13:47 | cortezperez200 · age_up feudal |
| 14:15 | 3GODI3 · first_building Barracks |
| 14:22 | cortezperez200 · wall_segment Palisade Wall x1 |
| 15:17 | 3GODI3 · age_up feudal |
| 15:33 | Raba · wall_segment Palisade Wall x1 |
| 15:47 | 3GODI3 · first_building Stable |
| 15:49 | cortezperez200 · wall_segment Palisade Wall x1 |
| 15:51 | cortezperez200 · wall_segment Palisade Wall x1 |
| 15:53 | cortezperez200 · wall_segment Palisade Wall x1 |
| 15:59 | cortezperez200 · wall_segment Palisade Wall x1 |
| 16:01 | cortezperez200 · wall_segment Palisade Wall x1 |
| 16:03 | cortezperez200 · wall_segment Palisade Wall x1 |
| 16:05 | cortezperez200 · wall_segment Palisade Wall x1 |
| 16:23 | Raba · wall_segment Palisade Wall x1 |
| 17:08 | Raba · wall_segment Palisade Wall x8 |
| 18:18 | cortezperez200 · age_up castle |
| 19:39 | Soldado1rken · first_market_sell 100 wood |
| 19:40 | Soldado1rken · first_market_buy 100 food |
| 19:57 | Raba · wall_segment Palisade Wall x1 |
| 19:57 | Raba · wall_segment Palisade Wall x1 |
| 20:04 | cortezperez200 · first_market_buy 100 stone |
| 20:31 | cortezperez200 · first_building Castle |
| 21:28 | 3GODI3 · first_building Siege Workshop |
| 21:59 | 3GODI3 · wall_segment Palisade Wall x1 |
| 22:02 | 3GODI3 · wall_segment Palisade Wall x9 |
| 22:03 | Raba · wall_segment Palisade Wall x1 |
| 22:03 | Raba · wall_segment Palisade Wall x1 |
| 22:04 | Raba · wall_segment Palisade Wall x1 |
| 22:04 | Raba · wall_segment Palisade Wall x1 |
| 22:05 | Raba · wall_segment Palisade Wall x1 |
| 22:05 | 3GODI3 · wall_segment Palisade Wall x1 |
| 22:05 | Raba · wall_segment Palisade Wall x1 |
| 22:06 | Raba · wall_segment Palisade Wall x1 |
| 22:07 | Raba · wall_segment Palisade Wall x1 |
| 22:07 | 3GODI3 · wall_segment Palisade Wall x10 |
| 22:21 | Raba · age_up castle |
| 22:52 | Raba · first_building Monastery |
| 23:24 | 3GODI3 · age_up castle |
| 23:49 | Raba · first_market_buy 100 stone |
| 23:55 | Raba · first_building Castle |
| 24:06 | Soldado1rken · first_building Barracks |
| 24:43 | Soldado1rken · first_building Stable |
| 28:37 | cortezperez200 · wall_segment Palisade Wall x1 |
| 28:43 | Soldado1rken · first_building Siege Workshop |
| 28:43 | cortezperez200 · wall_segment Palisade Wall x1 |
| 28:45 | cortezperez200 · wall_segment Palisade Wall x1 |
| 30:34 | Raba · wall_segment Palisade Wall x7 |
| 30:38 | Raba · wall_segment Palisade Wall x10 |
| 30:46 | Raba · wall_segment Palisade Wall x9 |
| 30:59 | Soldado1rken · first_building Castle |
| 31:57 | 3GODI3 · first_building Castle |
| 34:08 | Raba · age_up imperial |
| 34:59 | cortezperez200 · age_up imperial |
| 37:41 | 3GODI3 · first_market_buy 100 food |
| 38:40 | Soldado1rken · tribute_sent a jugador 1 |
| 38:40 | Soldado1rken · tribute_sent a jugador 2 |
| 38:40 | Soldado1rken · tribute_sent a jugador 4 |
| 38:46 | Soldado1rken · tribute_sent a jugador 1 |
| 38:46 | Soldado1rken · tribute_sent a jugador 2 |
| 38:46 | Soldado1rken · tribute_sent a jugador 4 |
| 40:42 | Raba · resign |
[ AI ANALYSIS · 1 CREDIT ]
What really happened in this match?
Wolo.gg analyzes every decision: build order, eco, micro, common mistakes by bracket. Personalized analysis on WhatsApp or Discord in 30 seconds.
Civ guide
Bengalis
Perfil
Jugador #23588421